Construct Section Command Post
Construct Platoon Command Post
Selects Indian Artillery Battlegroup
Selects Towed ML 4.2-inch Heavy Mortar
Unlock M3 Stuart Light Tanks
Selects Gurkha Rifles Section
6-pounder Anti-tank Gun Team
Unlock Bishop Self-propelled Artillery
Bishop Self-propelled Artillery
Towed ML 4.2-inch Heavy Mortar
Construct Company Command Post
Selects Volunteer Infantry
Selects Off-map Airburst Barrage